 Dungeon Crawl Stone Soup version 0.27-a0-417-g317cea8a3c (webtiles) character file.

Game seed: 7038641027309516381

32 jasper the Vexing (level 3, -4/19 HPs)
             Began as a Vampire Enchanter on Feb 25, 2021.
             Slain by a gnoll
             ... wielding a +0 flail
              (8 damage)
             ... on level 2 of the Dungeon.
             The game lasted 00:02:10 (1753 turns).

jasper the Vexing (Vampire Enchanter)               Turns: 1753, Time: 00:02:11

Health: -4/19      AC:  2    Str:  7    XL:     3   Next: 8%
Magic:  3/6        EV: 12    Int: 18    God:
Gold:   80         SH:  0    Dex: 14    Spells: 0/6 levels left

rFire    . . .     SeeInvis +   a - +1 dagger
rCold    + + .     Faith    .   (no shield)
rNeg     + + +     Spirit   .   b - +0 robe
rPois    ∞         Reflect  .   (no helmet)
rElec    .         Harm     .   (no cloak)
rCorr    .         Rampage  .   (no gloves)
Will     .....                  (no boots)
Stlth    +++++.....             (no amulet)
HPRegen  0.00/turn              (no ring)
MPRegen  0.10/turn              (no ring)

@: bloodless
A: fangs 3, see invisible, unbreathing
a: Bat Form, Revivify


You were on level 2 of the Dungeon.
You visited 1 branch of the dungeon, and saw 3 of its levels.

You collected 80 gold pieces.

Inventory:

Hand Weapons
 a - a +1 dagger (weapon)
Missiles
 n - 8 javelins
Armour
 b - a +0 robe (worn)
Scrolls
 f - 2 scrolls of teleportation
 g - a scroll of enchant weapon {unknown}
 h - a scroll of blinking {unknown}
 i - 4 scrolls of identify {unknown}
 l - a scroll of magic mapping {unknown}
 o - a scroll of enchant armour {unknown}
Potions
 c - 2 potions of curing {unknown}
 d - a potion of might {unknown}
 e - a potion of degeneration {unknown}
 j - a potion of heal wounds {unknown}
 k - a potion of lignification {unknown}
 m - a potion of mutation {unknown}


   Skills:
 - Level 1.1 Short Blades
 - Level 2.1 Dodging
 - Level 4.4 Stealth
 - Level 2.0 Spellcasting
 - Level 5.3 Hexes
 + Level 2.0 Ice Magic


You couldn't memorise any spells.
You knew the following spells:

 Your Spells              Type           Power        Failure   Level
a - Corona                Hex            22%          1%          1
b - Ensorcelled Hibernat  Hex/Ice        28%          6%          2
c - Confusing Touch       Hex            20%          6%          3

Your spell library contained the following spells:

 Spells                   Type           Power        Failure   Level
 Tukima's Dance           Hex            20%          6%          3
 Dazzling Flash           Conj/Hex       22%          19%         3


Dungeon Overview and Level Annotations

Branches:
Dungeon (3/15)

Altars:


Innate Abilities, Weirdness & Mutations

You do not regenerate when monsters are visible.
You are frail without blood (-20% HP).
You can heal yourself when you bite living creatures.
You are immune to poison.
You have razor-sharp teeth.
You have supernaturally acute eyesight. (SInv)
You can survive without breathing.


Message History

Okay, then.
You now have 73 gold pieces (gained 9).
A leopard gecko comes into view.
A leopard gecko is nearby!
You see here a scroll labelled CAYNNUALOX.
The helpless leopard gecko fails to defend itself.
You bite the leopard gecko, and draw its blood!
You impale the leopard gecko!!
You kill the leopard gecko!
Your Ice Magic skill increases to level 2!
o - a scroll labelled CAYNNUALOX You now have 80 gold pieces (gained 7).
You fall into a shaft and drop 1 floor!
The shaft crumbles and collapses.
A gnoll comes into view.
The gnoll shouts!
Found 10 gold pieces.
Found a stone staircase leading up and a stone staircase leading down. 2 bats, a rat and 3 gnolls come into view.
A kobold comes into view. It is wielding a +0 short sword.
The gnoll closely misses you.
There is a stone staircase leading up here.
The gnoll hits you with a +0 flail! The bat hits you but does no damage.
You climb upwards.
There is a stone staircase leading down here.
You take 7 damage, and have 12/19 hp.
MASSIVE DAMAGE!!
Aiming: Ensorcelled Hibernation (safe; 6% risk of failure)
Press: ? - help, Q - select action, (/) - cycle Shift-Dir - straight line, f - gnoll
Aim: a gnoll, wielding a +0 flail (chance to affect: 53%)
The gnoll resists with significant effort.
The gnoll hits you with a +0 flail!
* * * LOW HITPOINT WARNING * * *
You take 8 damage, and have 4/19 hp.
MASSIVE DAMAGE!!
You now have 4/6 mp.
There is an open door here.
Aiming: Ensorcelled Hibernation (safe; 6% risk of failure)
Press: ? - help, Q - select action, (/) - cycle Shift-Dir - straight line, f/p - gnoll
Aim: a gnoll, wielding a +0 flail (chance to affect: 53%)
The gnoll resists with significant effort.
The gnoll hits you with a +0 flail!
You die...

#.# ####### #.# ##...... ####.###
#...##.. #......# #..####. ###
#.##.#.# #..## ## ##.## #.##.#.#
#...## # ##.#.###.#....# #....###
#.###.........############..#....
.## ##.#.......g@...........#....
#.###.##......####........#...###
##.#.######.### #.##.###.#..## #
###.## #.# #.##.# #...## ## #####
##'## #.##.###...####. ....#
##...## #.##........##.. ###.#
##.....## #.#####......... #.#.#
##.......###.##.##..#######
....###.........##(#...#..#######


You could see a gnoll.

Vanquished Creatures
  An ooze (D:1)
  2 dart slugs
  A leopard gecko (D:2)
  An orc (D:2)
  A ball python (D:1)
  A giant cockroach (D:1)
  2 goblins (D:1)
  A hobgoblin (D:1)
  A quokka (D:2)
  4 bats
  A frilled lizard (D:1)
  2 kobolds (D:1)
  5 rats
23 creatures vanquished.

Notes
Turn   | Place    | Note
-------+----------+-------------------------------------------
     0 | D:1      | jasper the Vampire Enchanter began the quest for the Orb.
     0 | D:1      | Reached XP level 1. HP: 13/13 MP: 3/3
   264 | D:1      | Reached skill level 5 in Hexes
   383 | D:1      | Reached XP level 2. HP: 8/15 MP: 1/5
   389 | D:1      | Learned a level 2 spell: Ensorcelled Hibernation
   818 | D:1      | Reached skill level 1 in Ice Magic
  1714 | D:2      | Reached XP level 3. HP: 19/19 MP: 6/6
  1718 | D:2      | Learned a level 3 spell: Confusing Touch
  1735 | D:2      | You fall into a shaft and drop 1 floor!
  1753 | D:2      | Slain by a gnoll

Illustrated notes

Levels and vault maps discovered:
D:1:      evilmike_arrival_plus, layout_basic, minmay_pentomino_q4
D:2:      layout_loops_corners, palyth_stone_intersect, minmay_small_reverse_x
D:3:      layout_loops_ring, ebering_ghost_sewer_d, uniq_crazy_yiuf_cottage

Skill      XL: |  1  2  3 |
---------------+----------+-----
Hexes          | 5 |  5.3
Ice Magic      | 1 2 |  2.0
Short Blades   | |  1.1
Dodging        | |  2.1
Stealth        | |  4.4
Spellcasting   | |  2.0

Action                   || total
-------------------------++-------
Melee: Dagger            ||    29
 Cast: Corona            ||     5
       Ensorcelled Hiber ||     6
 Abil: Exsanguinate      ||     1
  Use: Scroll            ||     1
 Stab: Sleeping          ||    17
Armor: Robe              ||     1
Dodge: Dodged            ||    13

Table legend: (Time is in decaauts)
 A = Elapsed time spent in this place.
 B = Non-inter-level travel time spent in this place.
 C = Inter-level travel time spent in this place.
 D = Time resting spent in this place.
 E = Time spent auto-exploring this place.
 F = Levels seen in this place.
 G = Mean time per level.
                   A        B        C        D        E       F      G
               +--------+--------+--------+--------+--------+-----+--------+
         Total |   1751 |   1740 |     11 |     61 |   1482 |   3 |  583.7 |
       Dungeon |   1751 |   1740 |     11 |     61 |   1482 |   3 |  583.7 |
               +--------+--------+--------+--------+--------+-----+--------+

Top non-repeatable levels by time:
     D:1: 1312 daAuts
     D:2: 436 daAuts
     D:3: 3 daAuts
